AoeStats
← The Polished Pole

Arena

509019525Analyzed
1v1 RM · 8d ago on Sep 25, 2026· 26m 45s· 2 players
Game mode
Random Map
Map size
Tiny (2 player)
Population
200
Speed
Normal
Resources
Standard
Victory
Conquest
Starting age
Dark Age
Ending age
Imperial Age
RankedLock teamsTeams togetherTeam positionsShared explorationLock speedFull tech treeHidden civsTurbo modeCheats
Victory
Defeat
🇺🇸 Poles · United States
366
+13
🇺🇸 Spanish · United States
295
-13
Conquistador Whale
6:40 Loom
14:02 Feudal Age
14:42 Double-Bit Axe
16:22 Wheelbarrow
17:15 Horse Collar
19:28 Town Watch
22:57 Castle Age
21:21 Stone Mining
22:13 Gold Mining
25:28 Herbal Medicine
The Polished Pole
0:38 Loom
3:39 Loom
10:57 Feudal Age
11:24 Horse Collar
12:25 Wheelbarrow
11:49 Double-Bit Axe
12:52 Wheelbarrow
12:58 Town Watch
21:22 Castle Age
20:27 Bloodlines
22:03 Forging
22:00 Scale Barding Armor
24:01 Husbandry
25:39 Murder Holes
27:07 Hand Cart
27:26 Szlachta Privileges
Connection lost

Rejoining the realm…

Still unreachable

The connection could not be restored.

Session expired

The server has moved on; the page needs a fresh start.